 Dungeon Crawl Stone Soup version 0.32-a0-43-g058985b245 (webtiles) character file.

Game seed: 3518412568641076250

386326 cforsyth the Marid (level 24, -13/204 HPs)
             Began as a Djinni Warper on Feb 4, 2024.
             Mangled by a rockslime (34 damage)
             ... on level 1 of the Pits of Slime.
             The game lasted 01:45:24 (54094 turns).

cforsyth the Marid (Djinni Warper)                 Turns: 54094, Time: 01:45:24

Health: -13/204    AC: 15    Str: 17    XL:     24   Next: 8%
Gold:   3771       EV: 14    Int: 34    God:
                   SH:  0    Dex: 15

rFire   + + +        h - +7 trident of the Battered Coins {flame, rPois rF+ rN+}
rCold   + + .        (no shield)
rNeg    + . .        M - +3 scale mail "Rumittir" {Regen+ Int+3 Slay+3}
rPois   ∞            j - +2 hat {Int+3}
rElec   +            N - +4 cloak "Onniwk" {SInv}
rCorr   .            Q - +2 pair of gloves
SInv    +            (boots unavailable)
Will    ++...        Y - amulet "Soodek Gimu" {Regen+ Str+3 Stlth+} Stlth
                     D - ring of Conflict {rC++ Str+6 SInv Stlth-}
HPRegen 2.14/turn    b - ring of Vahise {rElec rF+ rC+ Str-2 Int+3}
MPRegen 0.00/turn

%: infuse magic (-14 HP)
@: corroded, flying, studying 2 skills
A: sickness immunity, fire resistance 2, cold vulnerability 1, float, innate
caster, HP casting, extra vitality 1, deterioration 1
}: 2/15 runes: serpentine, barnacled
a: no special abilities


You were on level 1 of the Pits of Slime.
You visited 8 branches of the dungeon, and saw 38 of its levels.
You also visited: Ossuary, Bailey and Ice Cave.

You collected 5355 gold pieces.
You spent 1584 gold pieces at shops.

Inventory:

Hand Weapons
 a - the +9 broad axe of Dung {flame, rPois rC+}
   (You acquired it on level 4 of the Shoals)

   rC+:       It protects you from cold.
   rPois:     It protects you from poison
 h - the +7 trident of the Battered Coins (weapon) {flame, rPois rF+ rN+}
   (You bought it in a shop on level 2 of the Orcish Mines)

   rF+:       It protects you from fire.
   rPois:     It protects you from poison rN+: It protects you from negative
   energy.
 S - the +3 hand axe of Sunlight {speed, ^Fragile rPois rF+ MP+9}
   (You found it on level 2 of the Shoals)

   rF+:       It protects you from fire.
   rPois:     It protects you from poison MP+9: It affects your magic capacity
   (+9).
   ^Fragile:  It will be destroyed if unequipped.
Armour
 j - a +2 hat of intelligence (worn)
 M - the +3 scale mail "Rumittir" (worn) {Regen+ Int+3 Slay+3}
   (You found it on level 10 of the Dungeon)

   Int+3:     It affects your intelligence (+3).
   Slay+3:    It affects your accuracy & damage with ranged weapons and melee
   (+3).
   Regen+:    It increases your rate of health regeneration.
 N - the +4 cloak "Onniwk" (worn) {SInv}
   (You found it on level 13 of the Dungeon)

   SInv:      It lets you see invisible.
 Q - a +2 pair of gloves (worn)
Magical Staves
 J - the staff of Gaumab {rF+ Dex+2 SInv Stlth+ Fire}
   (You found it on level 4 of the Shoals)

   [staff of fire]

   Base accuracy: +5 Base damage: 5 Base attack delay: 1.2 This weapon's minimum
   attack delay (0.6) is reached at skill level 12.
   Dex+2:     It affects your dexterity (+2).
   rF+:       It protects you from fire.
   SInv:      It lets you see invisible.
   Stlth+:    It makes you more stealthy.
   Fire:      It increases the power of your Fire spells.
   It falls into the 'Staves' category.
   It is a one-handed weapon.
 Z - a staff of cold
Jewellery
 b - the ring of Vahise (right hand) {rElec rF+ rC+ Str-2 Int+3}
   (You acquired it on level 11 of the Dungeon)

   [ring of protection from cold]

   Str-2:     It affects your strength (-2).
   Int+3:     It affects your intelligence (+3).
   rF+:       It protects you from fire.
   rC+:       It protects you from cold.
   rElec:     It insulates you from electricity.
 k - the ring "Yrphiluve" {^Drain rElec rPois rN+ Str-3}
   (You found it on level 3 of the Crypt)

   [ring of positive energy]

   Str-3:     It affects your strength (-3).
   rElec:     It insulates you from electricity.
   rPois:     It protects you from poison rN+: It protects you from negative
   energy.
   ^Drain:    It drains your maximum health when unequipped.
 o - a ring of willpower
 r - a ring of fire
 D - the ring of Conflict (left hand) {rC++ Str+6 SInv Stlth-}
   (You acquired it on level 3 of the Shoals)

   [ring of strength]

   Str+6:     It affects your strength (+6).
   rC++:      It greatly protects you from cold.
   SInv:      It lets you see invisible.
   Stlth-:    It makes you less stealthy.
 G - the ring "Qarul" {rElec rC+ rN+ SInv}
   (You found it on level 3 of the Crypt)

   [ring of positive energy]

   rC+:       It protects you from cold.
   rElec:     It insulates you from electricity.
   rN+:       It protects you from negative energy.
   SInv:      It lets you see invisible.
 Y - the amulet "Soodek Gimu" (around neck) {Regen+ Str+3 Stlth+}
   (You found it on level 3 of the Crypt)

   [amulet of regeneration]

   Str+3:     It affects your strength (+3).
   Regen+:    It increases your rate of health regeneration.
   Stlth+:    It makes you more stealthy.
Wands
 F - a wand of iceblast (28)
 H - a wand of digging (3)
 I - a wand of acid (23)
 O - a wand of mindburst (23)
 V - a wand of charming (9)
Scrolls
 c - a scroll of enchant weapon
 f - 7 scrolls of enchant armour
 p - 9 scrolls of revelation
 w - 4 scrolls of poison
 y - 7 scrolls of fog
 A - 6 scrolls of teleportation
 K - 23 scrolls of identify
 L - a scroll of silence
 R - 3 scrolls of immolation
 U - 2 scrolls of torment
 W - 3 scrolls of vulnerability
Potions
 e - 2 potions of berserk rage
 g - 23 potions of curing
 i - 8 potions of mutation
 l - 8 potions of attraction
 m - 9 potions of might
 n - a potion of cancellation
 q - 5 potions of heal wounds
 s - 3 potions of invisibility
 t - 4 potions of brilliance
 u - 9 potions of lignification
 v - 6 potions of haste
 z - 6 potions of resistance
 B - 6 potions of enlightenment
 X - 2 potions of ambrosia
Miscellaneous
 x - a box of beasts
 C - a phial of floods
 E - a lightning rod (4/4)
 P - a phantom mirror


   Skills:
 - Level 26.3 Fighting
 - Level 1.7 Long Blades
 - Level 0.7 Throwing
 - Level 1.0 Armour
 + Level 11.5 Dodging
 + Level 8.5 Shields
 + Level 21.5 Spellcasting
 + Level 21.5 Conjurations
 + Level 21.5 Hexes
 + Level 21.5 Summonings
 + Level 21.5 Necromancy
 + Level 21.5 Translocations
 + Level 21.5 Fire Magic
 O Level 27 Ice Magic
 + Level 21.5 Air Magic
 + Level 21.5 Earth Magic
 + Level 21.5 Alchemy


You knew the following spells:

 Your Spells              Type           Power      Damage    Failure   Level
a - Blink                 Tloc           100%       N/A       0%          2
b - Lesser Beckoning      Tloc           100%       N/A       0%          2
c - Teleport Other        Tloc           100%       N/A       0%          3
d - Manifold Assault      Tloc           100%       N/A       0%          4
e - Vhi's Electric Charg  Tloc/Air       100%       N/A       0%          4
f - Magic Dart            Conj           100%       1d8       0%          1
g - Jinxbite              Hex            100%       N/A       0%          2
h - Inner Flame           Hex/Fire       100%       N/A       0%          3
i - Airstrike             Air            55%        2d(8-24)  0%          4
j - Olgreb's Toxic Radia  Alch           100%       N/A       0%          4
k - Summon Mana Viper     Hex/Summ       100%       N/A       0%          5
l - Summon Cactus Giant   Summ           55%        N/A       1%          6
m - Death Channel         Necr           55%        N/A       1%          6
n - Plasma Beam           Fire/Air       55%        2x1d70    1%          6
o - Borgnjor's Revivific  Necr           55%        N/A       2%          8
p - Maxwell's Capacitive  Air            55%        ∞         2%          8
Your spell library was empty.

Dungeon Overview and Level Annotations

Branches:
Dungeon (15/15)            Temple (0/1) D:7            Lair (5/5) D:11
 Shoals (4/4) Lair:2        Snake (4/4) Lair:3        Slime (1/5) Lair:5
    Orc (2/2) D:12            Elf (0/3) Orc:2        Vaults (4/5) D:13
  Crypt (3/3) Vaults:3       Tomb (0/3) Crypt:3      Depths (0/4) D:15
Ossuary (visited)          Bailey (visited)           IceCv (visited)

Altars:
Ashenzari
Cheibriados
Elyvilon
Fedhas
Gozag
Hepliaklqana
Nemelex Xobeh
Okawaru
Ru
Uskayaw
Xom
Yredelemnul
The Shining One
Jiyva

Shops:
D:3 =   D:8 *   D:11 :   D:13 *   D:14 (   Orc:2 *[?*   Shoals:1 :   Shoals:4 :
Snake:2 :=:*   Snake:3 [[   Vaults:1 *(   Vaults:3 [   Vaults:4 [

Annotations:
Lair:5 2 runed translucent doors, nroviw's ghost, journeyman MiFi


Innate Abilities, Weirdness & Mutations

You are immune to sickness and miasma.
You are immune to poison.
Your flesh is very heat resistant. (rF++)
You are vulnerable to cold. (rC-)
You float through the air rather than walking.
You learn spells naturally, not from books.
Your magical power is your life essence.
You have superior vitality. (+4 MHP)
Your body sometimes deteriorates upon taking damage.


Message History

The rockslime hits your cactus giant!!!
Your cactus giant holds its ground!
The rockslime hits your cactus giant!!!
Your cactus giant stumbles backwards!
Your cactus giant is destroyed!
Your cactus giant disappears in a puff of smoke!
The acid blob attacks as it pursues you!
The acid blob hits you!!
You are splashed with acid!
Your mana viper bites the slime creature.
As you read the scroll of fear, it crumbles to dust.
You assume a fearsome visage.
The rockslime looks frightened! x2
The shining eye looks frightened!
The acid blob resists with almost no effort.
The rockslime looks frightened!
The slime creature looks frightened! x3
The rockslime resists with some effort.
The rockslime jiggles.
The rockslime closely misses you. The acid blob hits you!!
You are splashed with acid!
As you read the scroll of summoning, it crumbles to dust.
Wisps of shadow whirl around you...
Your mana viper bites the slime creature!
The rockslime hits you!
You are shoved backwards!
The rockslime hits you!!
* * * LOW HITPOINT WARNING * * *
You are shoved backwards!
As you read the scroll of summoning, it crumbles to dust.
Wisps of shadow whirl around you...
The rockslime seems to regain its courage.
Your mana viper bites the slime creature!
The slime creature dies!
The rockslime closely misses you.
Your rockslime hits the rockslime but does no damage.
Your acid blob hits the acid blob!!
The acid blob hits you!!
* * * LOW HITPOINT WARNING * * *
You are splashed with acid!
* * * LOW HITPOINT WARNING * * *
Unknown command.
Unknown command.
Your acid blob hits the acid blob!!!
Your rockslime hits the rockslime but does no damage.
The rockslime attacks as it pursues you!
The rockslime hits you!!
You die...

###......#..##
##.#..........#
#.#.............##
.......<.........####
#.##.....S...##...#.##
##.......#.#..#...##
##......JJ.J......#
##..............#
#.....J...JJ@..##
#.........JJJJ...#
....#....J.....J.....
..........>..........
................J....
#...............###.#
#...G#.......... #
.....#....#.J...#


You could see an acid blob (ally target), 3 rockslimes, a friendly acid blob
(summoned), 7 friendly slime creatures, 2 friendly rockslimes and a friendly
mana viper (summoned).

Vanquished Creatures
  Mara (Shoals:3)
  Vashnia (Snake:3)
  A profane servitor (Crypt:3)
  A bone dragon (Crypt:3)
  Rupert (D:13)
  4 liches
  Zenata (Vaults:1)
  Frances (D:13)
  A kraken (Shoals:1)
  2 sphinxes
  Polyphemus (Shoals:2)
  3 ancient champions (Crypt:2)
  Donald (Vaults:1)
  Agnes (Snake:1)
  Roxanne (Snake:2)
  Aizul (Snake:2)
  3 revenants (Crypt:2)
  Kirke (D:13)
  6 nagarajas (Snake:4)
  3 frost giants
  7 vault wardens
  Louise (Snake:2)
  15 ironbound preservers
  3 curse skulls
  2 formless jellyfish
  A reaper (Crypt:2)
  2 orc warlords
  A caustic shrike zombie (Crypt:1)
  3 stone giants
  17 ghouls
  5 ironbound thunderhulks
  A very ugly thing (Vaults:1)
  2 vampire knights (Crypt:2)
  7 dire elephants
  Nessos (D:13)
  A war gargoyle (Vaults:3)
  Snorg (D:13)
  A mummy priest (Crypt:3)
  10 merfolk impalers
  Josephine (D:10)
  10 eidola
  5 jiangshi
  An entropy weaver (Vaults:3)
  8 merfolk javelineers
  3 fenstrider witch zombies
  4 great orbs of eyes
  A spriggan zombie (Crypt:3)
  7 yaktaur captains
  Erolcha (D:13)
  4 ironbound frosthearts
  4 spriggan skeletons (Crypt:2)
  5 vault guards
  2 catoblepae
  A peacekeeper (Vaults:3)
  3 merfolk avatars
  2 salamander tyrants (Snake:4)
  6 anacondas
  A two-headed ogre (shapeshifter) (Vaults:3)
  11 centaur warriors
  4 boulder beetles
  4 two-headed ogres
  A merfolk aquamancer (Shoals:4)
  2 tengu warriors (D:15)
  6 death knights
  7 naga warriors (Snake:4)
  2 deep troll earth magi (Vaults:2)
  A fenstrider witch skeleton (Crypt:1)
  A satyr (Shoals:3)
  10 naga sharpshooters
  14 death yaks
  4 orc high priests (Orc:2)
  2 vampire magi (Crypt:1)
  A shock serpent (Snake:3)
  A titan skeleton (Crypt:2)
  3 iron trolls (Vaults:2)
  4 skysharks
  2 titan zombies
  Nergalle (D:10)
  A skyshark (shapeshifter) (Vaults:3)
  4 salamander mystics
  34 skeletal warriors
  4 mana vipers
  An anaconda zombie (Crypt:1)
  A golden dragon zombie (Crypt:1)
  A goliath frog (shapeshifter) (Vaults:3)
  15 sea snakes
  3 arcanists
  A kraken simulacrum (Shoals:2)
  2 bunyip skeletons (Crypt:2)
  35 deep trolls
  5 flayed ghosts
  An orb spider (shapeshifter) (Vaults:3)
  Pikel (D:8)
  A spriggan simulacrum (Crypt:1)
  An iron giant zombie (Crypt:2)
  4 orc knights
  3 bog bodies (Crypt:2)
  7 lindwurms (Vaults:3)
  5 naga ritualists
  25 harpies
  6 necromancers
  3 deep elf pyromancers
  3 orc sorcerers
  15 ironbound convokers
  22 phantasmal warriors
  3 cyclopes
  2 stone giant zombies
  9 salamanders
  2 wolf spiders (Crypt:3)
  An iron dragon zombie (Crypt:1)
  12 ugly things
  25 manticores
  A fire giant zombie (Vaults:2)
  A draconian zombie (Crypt:3)
  4 centaur zombies (Crypt:3)
  10 fauns
  7 kobold blastminers
  A stone giant skeleton (Crypt:2)
  Joseph (D:7)
  A naga zombie (Crypt:3)
  An elephant (Lair:5)
  21 black mambas
  2 guardian serpents
  8 cane toads
  6 vault sentinels
  An ice statue (IceCv)
  7 merfolk sirens
  3 water nymphs
  11 naga magi
  A gargoyle (D:11)
  An unseen horror (D:11)
  A purple draconian zombie (Crypt:2)
  2 redback zombies
  27 yaktaurs
  3 rime drakes
  3 freezing wraiths
  2 kobold demonologists (D:10)
  9 komodo dragons
  3 tengu conjurers
  2 ice devils (D:11)
  A guardian mummy (Crypt:3)
  16 polar bears
  A hornet (D:9)
  8 trolls
  22 merfolk
  4 wind drakes
  A snapping turtle (shapeshifter) (Vaults:3)
  2 harpy skeletons (Crypt:2)
  15 blink frogs
  8 snapping turtles
  An ettin zombie (Crypt:3)
  An iron dragon simulacrum (Crypt:2)
  8 dream sheep
  16 slime creatures
  3 shadows
  3 naga simulacra
  An ice dragon skeleton (Crypt:1)
  2 wyverns
  18 wraiths
  An ushabti (Crypt:3)
  2 water elementals
  A hog (D:13)
  7 basilisks
  A nameless horror (Lair:5)
  48 yaks
  A human (D:13)
  6 redbacks
  A redback (shapeshifter) (Vaults:3)
  2 vampire mosquitoes (D:13)
  2 alligator snapping turtle simulacra (Shoals:2)
  3 steam dragons
  2 tyrant leech zombies (Crypt:2)
  A warg (shapeshifter) (D:14)
  5 wargs (Orc:2)
  2 harpy simulacra (Shoals:2)
  Menkaure (D:7)
  2 death yak simulacra (Shoals:2)
  An ogre zombie (Vaults:2)
  22 nagas
  25 water moccasins
  2 merfolk skeletons
  39 orc warriors
  A swamp drake (D:12)
  An ice beast (D:6)
  4 laughing skulls (Crypt:2)
  3 satyr simulacra (Shoals:2)
  A sky beast (D:7)
  A black bear (Lair:4)
  39 wolves
  9 ogres
  3 boggarts (Vaults:4)
  9 centaurs
  A swamp dragon skeleton (Crypt:1)
  A phantom (Crypt:3)
  2 weeping skulls (Ossuary)
  4 kobold brigands
  An elf zombie (Ossuary)
  6 bullfrogs
  A faun simulacrum (Shoals:2)
  16 necrophages
  3 scorpions
  A warg skeleton (Crypt:1)
  5 wights
  10 wyvern skeletons (Crypt:3)
  A raiju zombie (Crypt:1)
  2 snapping turtle simulacra (Shoals:2)
  6 killer bees (D:9)
  2 manticore simulacra (Shoals:2)
  4 electric eels
  A wolf zombie (Crypt:2)
  3 lava snakes (Lair:3)
  2 human zombies
  5 jellies
  Crazy Yiuf (D:3)
  30 orc priests
  2 hounds
  3 iguanas
  2 cyclops simulacra (Shoals:2)
  Jessica (D:3)
  2 sleepcaps
  Natasha (D:3)
  A boggart zombie (Crypt:2)
  20 orc wizards
  A killer bee zombie (Crypt:2)
  6 centaur simulacra (Shoals:2)
  A deep dwarf zombie (Crypt:1)
  A boggart simulacrum (D:14)
  4 mummies
  Robin (D:2)
  6 gnolls
  11 adders
  A white imp (D:5)
  4 ufetubi
  An iguana skeleton (Crypt:2)
  4 ribbon worms
  100 orcs
  7 ball pythons
  A bat skeleton (Crypt:2)
  7 endoplasms
  A giant cockroach (D:2)
  2 gnoll zombies (Ossuary)
  17 goblins
  9 hobgoblins
  15 jackals
  36 kobolds
  A quokka (D:4)
  A ball python skeleton (Crypt:2)
  3 bats
  5 frilled lizards
  A gnoll skeleton (Crypt:1)
  2 kobold zombies (Ossuary)
  2 orc zombies (Ossuary)
  9 rats
  A butterfly (Lair:5)
  2 tentacles (Shoals:2)
1446 creatures vanquished.

Vanquished Creatures (collateral kills)
  Asterion (Snake:1)
  A nagaraja (Snake:3)
  An orc warlord (Orc:2)
  An ironbound thunderhulk (D:13)
  An ettin (Orc:2)
  A rakshasa (D:14)
  2 vault guards (D:13)
  3 catoblepae (Lair:5)
  2 death knights
  2 centaur warriors
  3 two-headed ogres
  A boulder beetle (D:13)
  2 tengu warriors
  19 death yaks
  A naga warrior (Snake:4)
  An orc high priest (Orc:1)
  4 naga sharpshooters
  A salamander mystic (Snake:1)
  3 mana vipers
  A deep troll (D:15)
  A naga ritualist (Snake:1)
  A phantasmal warrior (D:15)
  4 orc knights
  2 necromancers (D:15)
  A lindwurm (Vaults:3)
  An ironbound convoker (Vaults:3)
  7 ugly things
  2 orc sorcerers (Orc:2)
  A cyclops (D:12)
  2 salamanders
  11 black mambas
  3 manticores
  A meliai (D:14)
  2 elephants (Lair:5)
  3 naga magi
  A torpor snail (Lair:5)
  A cane toad (Lair:5)
  2 freezing wraiths (D:14)
  2 tengu conjurers (D:15)
  A polar bear (shapeshifter) (D:14)
  A polar bear (IceCv)
  3 trolls
  4 dream sheep (Lair:5)
  A blink frog (Lair:5)
  4 slime creatures
  A wraith (D:13)
  A human (D:13)
  A basilisk (D:15)
  2 wargs (Orc:2)
  12 yaks
  A hog (shapeshifter) (D:15)
  A hog (D:13)
  A vampire mosquito (D:13)
  10 nagas
  A water moccasin (shapeshifter) (D:14)
  5 water moccasins
  8 orc warriors
  2 ogres (Orc:2)
  A wolf (IceCv)
  4 centaurs
  2 nameless horrors
  2 orc priests (Orc:2)
  5 orcs
  A butterfly (Lair:5)
174 creatures vanquished.

Vanquished Creatures (others)
  An occultist (D:14)
  An orc (Orc:2)
  2 tentacles (Shoals:2)
4 creatures vanquished.

Grand Total: 1624 creatures vanquished

Notes
Turn   | Place    | Note
-------+----------+-------------------------------------------
     0 | D:1      | cforsyth the Djinni Warper began the quest for the Orb.
     0 | D:1      | cforsyth set off with the following spells memorised:
                  | Blink, Lesser Beckoning, Teleport Other, Manifold Assault,
                  | Vhi's Electric Charge.
     0 | D:1      | Reached XP level 1. HP: 18/18 MP: 0/0
   113 | D:1      | Reached skill level 3 in Ice Magic
   219 | D:1      | Reached XP level 2. HP: 20/23 MP: 0/0
   669 | D:1      | Reached XP level 3. HP: 6/29 MP: 0/0
   669 | D:1      | Learned a level 1 spell: Magic Dart
  1072 | D:2      | Found a faded altar of an unknown god.
  1674 | D:2      | Reached XP level 4. HP: 34/35 MP: 0/0
  1949 | D:3      | Noticed Robin
  2036 | D:3      | Noticed Jessica
  2391 | D:2      | Killed Robin
  2568 | D:3      | Killed Jessica
  2569 | D:3      | Reached XP level 5. HP: 31/41 MP: 0/0
  2569 | D:3      | Learned a level 2 spell: Jinxbite
  2762 | D:3      | Found a shimmering altar of Xom.
  2763 | D:3      | Found Ovoages's Jewellery Shop.
  2932 | D:3      | Noticed Natasha
  3811 | D:2      | Reached skill level 4 in Ice Magic
  3922 | D:3      | Killed Natasha
  4005 | D:3      | Found a runed translucent door.
  4006 | D:3      | Noticed Crazy Yiuf
  4169 | D:4      | Reached XP level 6. HP: 37/47 MP: 0/0
  4217 | D:4      | Found a sand-covered staircase.
  4226 | Ossuary  | Entered an ossuary
  4435 | Ossuary  | Reached skill level 5 in Fighting
  4435 | Ossuary  | Reached XP level 7. HP: 50/54 MP: 0/0
  4435 | Ossuary  | Learned a level 3 spell: Inner Flame
  5188 | D:4      | Reached skill level 5 in Spellcasting
  5188 | D:4      | Reached skill level 5 in Conjurations
  5188 | D:4      | Reached skill level 5 in Hexes
  5188 | D:4      | Reached skill level 5 in Summonings
  5188 | D:4      | Reached skill level 5 in Necromancy
  5188 | D:4      | Reached skill level 5 in Translocations
  5188 | D:4      | Reached skill level 5 in Fire Magic
  5188 | D:4      | Reached skill level 5 in Ice Magic
  5188 | D:4      | Reached skill level 5 in Air Magic
  5188 | D:4      | Reached skill level 5 in Earth Magic
  5188 | D:4      | Reached skill level 5 in Alchemy
  5608 | D:4      | Found a sacrificial altar of Ru.
  5742 | D:5      | Entered Level 5 of the Dungeon
  5945 | D:5      | Found an iron altar of Okawaru.
  6156 | D:5      | Found an opulent altar of Gozag.
  6190 | D:5      | Reached XP level 8. HP: 56/61 MP: 0/0
  7494 | D:7      | Noticed Menkaure
  7495 | D:7      | Noticed Joseph
  7500 | D:7      | Killed Joseph
  7501 | D:7      | Reached skill level 6 in Ice Magic
  7744 | D:7      | Killed Menkaure
  7745 | D:7      | Reached XP level 9. HP: 58/70 MP: 0/0
  7745 | D:7      | Learned a level 4 spell: Airstrike
  8219 | D:7      | Found a staircase to the Ecumenical Temple.
  8512 | D:7      | Reached skill level 7 in Ice Magic
  8645 | D:8      | Found a glowing golden altar of the Shining One.
  8677 | D:8      | Reached XP level 10. HP: 11/79 MP: 0/0
  8829 | D:8      | Found Kywaen's Assorted Antiques.
  8846 | D:8      | Reached skill level 10 in Fighting
  8853 | D:8      | Reached skill level 8 in Ice Magic
  8861 | D:8      | Noticed Pikel
  8867 | D:8      | Killed Pikel
  8919 | D:8      | Found a flagged portal.
  8942 | Bailey   | Entered a bailey
  9410 | Bailey   | Noticed an orc warlord
  9588 | Bailey   | Found a runed translucent gate.
  9594 | Bailey   | Found a runed translucent gate.
  9595 | Bailey   | Found a runed translucent gate.
  9966 | Bailey   | Killed an orc warlord
 10437 | D:8      | Bought a scroll of teleportation for 84 gold pieces
 10719 | D:9      | Found a blossoming altar of Fedhas.
 10778 | D:9      | Reached skill level 9 in Ice Magic
 10778 | D:9      | Noticed a boulder beetle
 10814 | D:8      | Reached XP level 11. HP: 43/87 MP: 0/0
 10814 | D:8      | Learned a level 4 spell: Olgreb's Toxic Radiance
 11187 | D:9      | Killed a boulder beetle
 11718 | D:9      | Found a snail-covered altar of Cheibriados.
 11753 | D:9      | Found a white marble altar of Elyvilon.
 11753 | D:9      | Found a hide-covered altar of Uskayaw.
 12328 | D:10     | Entered Level 10 of the Dungeon
 12336 | D:10     | Noticed Nergalle
 12348 | D:10     | Killed Nergalle
 12626 | D:10     | Found a hazy altar of Hepliaklqana.
 13024 | D:10     | Noticed Josephine
 13031 | D:10     | Killed Josephine
 13032 | D:10     | Reached skill level 10 in Spellcasting
 13032 | D:10     | Reached skill level 10 in Conjurations
 13032 | D:10     | Reached skill level 10 in Hexes
 13032 | D:10     | Reached skill level 10 in Summonings
 13032 | D:10     | Reached skill level 10 in Necromancy
 13032 | D:10     | Reached skill level 10 in Translocations
 13032 | D:10     | Reached skill level 10 in Fire Magic
 13032 | D:10     | Reached skill level 10 in Ice Magic
 13032 | D:10     | Reached skill level 10 in Air Magic
 13032 | D:10     | Reached skill level 10 in Earth Magic
 13032 | D:10     | Reached skill level 10 in Alchemy
 13232 | D:10     | Identified the +3 scale mail "Rumittir" {Regen+ Int+3
                  | Slay+3}
 13478 | D:11     | Reached XP level 12. HP: 92/98 MP: 0/0
 13847 | D:11     | Found a staircase to the Lair.
 14066 | D:11     | Found a frozen archway.
 14186 | D:11     | Found a sparkling altar of Nemelex Xobeh.
 14221 | IceCv    | Entered an ice cave
 14410 | IceCv    | Noticed a death yak
 14412 | IceCv    | Noticed a death yak
 14439 | IceCv    | Killed a death yak
 14440 | IceCv    | Reached skill level 11 in Ice Magic
 14440 | IceCv    | Killed a death yak
 15216 | IceCv    | Reached XP level 13. HP: 52/106 MP: 0/0
 15216 | IceCv    | Learned a level 5 spell: Summon Mana Viper
 15275 | IceCv    | Noticed a frost giant
 15395 | IceCv    | Killed a frost giant
 15396 | IceCv    | Reached skill level 15 in Fighting
 15600 | IceCv    | Reached skill level 12 in Ice Magic
 15683 | IceCv    | Identified a scroll of acquirement
 15855 | D:11     | Acquired the ring of Vahise {rElec rF+ rC+ Str-2 Int+3}
 15940 | D:11     | Found Doul's Book Shop.
 15940 | D:11     | Noticed a walking divine tome
 15940 | D:11     | Noticed a walking frostbound tome
 17046 | D:12     | Found a staircase to the Orcish Mines.
 17556 | D:12     | Acquired 1152 gold pieces
 17633 | Lair:1   | Entered Level 1 of the Lair of Beasts
 17670 | Lair:1   | Reached skill level 13 in Ice Magic
 18226 | Lair:1   | Reached XP level 14. HP: 108/117 MP: 0/0
 18561 | Lair:2   | You are sucked into a shaft and drop 1 floor!
 18963 | Lair:3   | Reached skill level 14 in Ice Magic
 19539 | Lair:2   | Found a staircase to the Shoals.
 20174 | Lair:3   | Found a staircase to the Snake Pit.
 20586 | Lair:4   | Reached skill level 15 in Ice Magic
 21529 | Lair:5   | Entered Level 5 of the Lair of Beasts
 21536 | Lair:5   | Found a large runed translucent door.
 21537 | Lair:5   | Found a large runed translucent door.
 21538 | Lair:5   | Noticed nroviw's ghost (journeyman MiFi)
 21953 | Lair:5   | Found a staircase to the Slime Pits.
 21973 | Lair:5   | Reached XP level 15. HP: 101/126 MP: 0/0
 21973 | Lair:5   | Learned a level 6 spell: Summon Cactus Giant
 21999 | Lair:5   | Reached skill level 16 in Ice Magic
 22178 | Lair:5   | Found a viscous altar of Jiyva.
 22705 | Lair:5   | Identified the +0 scale mail "Inaqyah" {rElec}
 22790 | Lair:5   | Reached skill level 17 in Ice Magic
 23306 | D:3      | Killed Crazy Yiuf
 23697 | Orc:1    | Entered Level 1 of the Orcish Mines
 23807 | Orc:1    | Reached skill level 15 in Spellcasting
 23807 | Orc:1    | Reached skill level 15 in Conjurations
 23807 | Orc:1    | Reached skill level 15 in Hexes
 23807 | Orc:1    | Reached skill level 15 in Summonings
 23807 | Orc:1    | Reached skill level 15 in Necromancy
 23807 | Orc:1    | Reached skill level 15 in Translocations
 23807 | Orc:1    | Reached skill level 15 in Fire Magic
 23807 | Orc:1    | Reached skill level 15 in Air Magic
 23807 | Orc:1    | Reached skill level 15 in Earth Magic
 23807 | Orc:1    | Reached skill level 15 in Alchemy
 24218 | Orc:2    | Entered Level 2 of the Orcish Mines
 24491 | Orc:2    | Reached XP level 16. HP: 109/136 MP: 0/0
 24497 | Orc:2    | Reached XP level 17. HP: 86/141 MP: 0/0
 24497 | Orc:2    | Learned a level 6 spell: Death Channel
 24552 | Orc:2    | Found Zuneos's Assorted Antiques.
 24674 | Orc:2    | Bought 2 scrolls of teleportation for 132 gold pieces
 24810 | Orc:2    | Found Coipit's Antique Armour Shoppe.
 24848 | Orc:2    | Bought an embroidered hat for 196 gold pieces
 25295 | Orc:2    | Found a staircase to the Elven Halls.
 25340 | Orc:2    | Reached skill level 18 in Ice Magic
 25911 | Orc:2    | Found Zeb Ohaw's Magic Scroll Shoppe.
 25919 | Orc:2    | Bought a scroll of teleportation for 39 gold pieces
 25919 | Orc:2    | Bought a scroll of summoning for 123 gold pieces
 26173 | Orc:2    | Found Piwirigg's General Store.
 26444 | D:13     | Noticed Kirke
 26453 | D:13     | Killed Kirke
 26527 | D:13     | Noticed Nessos
 26537 | D:13     | Killed Nessos
 26568 | D:13     | Noticed Rupert
 26569 | D:13     | Noticed Erolcha
 26606 | D:13     | Killed Erolcha
 26607 | D:13     | Killed Rupert
 26675 | D:13     | Noticed Frances
 26675 | D:13     | Noticed Snorg
 26688 | D:13     | Killed Snorg
 26691 | D:13     | Killed Frances
 26725 | D:13     | Identified the +4 cloak "Onniwk" {SInv}
 26859 | D:13     | Found the +9 scales of the Dragon King {rPois rF+ rC+
                  | Will+}
 27159 | D:13     | Found a gate to the Vaults.
 27225 | D:13     | Found Fusas's General Store.
 27335 | D:14     | Found Sepyrar's Weapon Shop.
 27404 | D:14     | Reached skill level 19 in Ice Magic
 27953 | D:14     | Identified the +2 robe of Submission {rC+ Regen+ Str+3
                  | Int+3}
 27964 | D:14     | Reached XP level 18. HP: 113/151 MP: 0/0
 28406 | D:15     | Entered Level 15 of the Dungeon
 29123 | D:15     | Found a staircase to the Depths.
 29184 | D:15     | Found a broken altar of Ashenzari.
 29401 | Snake:1  | Entered Level 1 of the Snake Pit
 29437 | Snake:1  | Reached skill level 20 in Ice Magic
 29506 | Snake:1  | Noticed Agnes
 29513 | Snake:1  | Killed Agnes
 30244 | Snake:1  | Found a white marble altar of Elyvilon.
 30292 | Snake:1  | Noticed Asterion
 30305 | Snake:1  | Killed Asterion
 30719 | Snake:2  | Found Dyd Bac's General Store.
 31065 | Snake:2  | Identified the serpent talisman "Earthly Heaven" {Slay+2}
 31065 | Snake:2  | Noticed Aizul
 31080 | Snake:2  | Killed Aizul
 31132 | Snake:2  | Noticed Louise
 31147 | Snake:2  | Killed Louise
 31215 | Snake:2  | Noticed Roxanne
 31607 | Snake:2  | Killed Roxanne
 31908 | Snake:2  | Found a sparkling altar of Nemelex Xobeh.
 31925 | Snake:2  | Found Paato's Book Shoppe.
 31925 | Snake:2  | Found Mapnuxuz's Jewellery Boutique.
 31926 | Snake:2  | Found Odibehic's Book Shoppe.
 32379 | Snake:3  | Acquired a staff of cold
 32741 | Snake:3  | Noticed Vashnia
 32979 | Snake:3  | Found Lupiagedgh's Armour Shoppe.
 32979 | Snake:3  | Found Qerhowech's Antique Armour Emporium.
 33129 | Snake:3  | Found Lupiagedgh's Armour Shoppe.
 33129 | Snake:3  | Found Qerhowech's Antique Armour Emporium.
 33581 | Snake:3  | Killed Vashnia
 33582 | Snake:3  | Reached skill level 21 in Ice Magic
 33582 | Snake:3  | Reached XP level 19. HP: 70/161 MP: 0/0
 33582 | Snake:3  | Learned a level 6 spell: Plasma Beam
 33669 | Snake:3  | Found Lupiagedgh's Armour Shoppe.
 33669 | Snake:3  | Found Qerhowech's Antique Armour Emporium.
 33870 | Snake:4  | Entered Level 4 of the Snake Pit
 37184 | Snake:4  | Reached skill level 22 in Ice Magic
 37641 | Snake:4  | Got a serpentine rune of Zot
 38108 | Shoals:1 | Entered Level 1 of the Shoals
 40212 | Shoals:1 | Reached XP level 20. HP: 150/171 MP: 0/0
 40261 | Shoals:1 | Found Sekh's Book Boutique.
 41254 | Shoals:2 | Identified the +3 hand axe of Sunlight {speed, ^Fragile
                  | rPois rF+ MP+9}
 41342 | Shoals:2 | Found a runed translucent gate.
 41530 | Shoals:2 | Noticed Polyphemus
 41536 | Shoals:2 | Killed Polyphemus
 41693 | Shoals:2 | Found a runed translucent gate.
 41696 | Shoals:2 | Found a runed translucent gate.
 42161 | Shoals:3 | Reached skill level 23 in Ice Magic
 42296 | Shoals:3 | Acquired the ring of Conflict {rC++ Str+6 SInv Stlth-}
 42355 | Shoals:3 | Noticed Mara
 42403 | Shoals:3 | Killed Mara
 43045 | Shoals:4 | Entered Level 4 of the Shoals
 43559 | Shoals:4 | Got a barnacled rune of Zot
 43635 | Shoals:4 | Found Datsodwa's Vocational Training.
 43789 | Shoals:4 | Acquired the +9 broad axe of Dung {flame, rPois rC+}
 44188 | Shoals:4 | Identified the staff of Gaumab {rF+ Dex+2 SInv Stlth+ Fire}
 44475 | Vaults:1 | Entered Level 1 of the Vaults
 44504 | Vaults:1 | Found Qonecac's General Store.
 44583 | Vaults:1 | Reached XP level 21. HP: 164/180 MP: 0/0
 44583 | Vaults:1 | Learned a level 8 spell: Borgnjor's Revivification
 44619 | Vaults:1 | Noticed Zenata
 44630 | Vaults:1 | Killed Zenata
 44696 | Vaults:1 | Noticed Donald
 44698 | Vaults:1 | Killed Donald
 44756 | Vaults:1 | Reached skill level 24 in Ice Magic
 44992 | Vaults:1 | Found Remeho's Weapon Shoppe.
 46895 | Vaults:3 | Reached skill level 25 in Ice Magic
 47014 | Vaults:3 | Reached XP level 22. HP: 178/190 MP: 0/0
 47164 | Vaults:3 | Found Arhiut's Antique Armour Emporium.
 47172 | Vaults:3 | Bought an ichor-stained robe for 119 gold pieces
 47172 | Vaults:3 | Identified the +0 robe of Kidaw {Stlth+} (You bought it in
                  | a shop on level 3 of the Vaults)
 47334 | Vaults:3 | Found a staircase to the Crypt.
 47335 | Vaults:3 | Found a basalt altar of Yredelemnul.
 48783 | Vaults:4 | Found Deha's Armour Shop.
 49377 | Orc:2    | Bought the +7 trident of the Battered Coins {flame, rPois
                  | rF+ rN+} for 891 gold pieces
 49660 | Crypt:1  | Entered Level 1 of the Crypt
 49683 | Crypt:1  | Reached skill level 1 in Shields
 49699 | Crypt:1  | Reached skill level 26 in Ice Magic
 49869 | Crypt:1  | Identified the +1 chain mail of Parlour Games {Dex+2}
 50535 | Crypt:2  | Reached XP level 23. HP: 121/198 MP: 0/0
 50535 | Crypt:2  | Learned a level 8 spell: Maxwell's Capacitive Coupling
 51051 | Crypt:2  | Reached skill level 5 in Shields
 51335 | Crypt:2  | Noticed a royal mummy
 51335 | Crypt:2  | Noticed a royal mummy
 51335 | Crypt:2  | Noticed a royal mummy
 51902 | Crypt:3  | Entered Level 3 of the Crypt
 52016 | Crypt:3  | Reached skill level 10 in Dodging
 52696 | Crypt:3  | Identified the ring "Qarul" {rElec rC+ rN+ SInv}
 52696 | Crypt:3  | Identified the ring "Hess" {Fly rC- rN+ Str+8}
 52696 | Crypt:3  | Identified the ring "Yrphiluve" {^Drain rElec rPois rN+
                  | Str-3}
 52998 | Crypt:3  | Found a staircase to the Tomb.
 53067 | Crypt:3  | Found a basalt altar of Yredelemnul.
 53114 | Crypt:3  | Reached skill level 27 in Ice Magic
 53248 | Crypt:3  | Noticed a profane servitor
 53252 | Crypt:3  | Identified the ring "Guxeheg" {MP+9 Dex+2}
 53254 | Crypt:3  | Killed a profane servitor
 53447 | Crypt:3  | Reached XP level 24. HP: 142/204 MP: 0/0
 53487 | Crypt:3  | Identified the +5 hand axe of Doubt {vamp, Will+ Int+2}
 53673 | Crypt:3  | Identified the amulet "Soodek Gimu" {Regen+ Str+3 Stlth+}
 54082 | Slime:1  | Entered Level 1 of the Pits of Slime
 54088 | Slime:1  | Gained mutation: Your body sometimes deteriorates upon
                  | taking damage. [a shining eye]
 54094 | Slime:1  | Mangled by a rockslime

Illustrated notes

Levels and vault maps discovered:
D:1:      co_arrival_random_square_maze, layout_basic
D:2:      layout_basic, dreamdust_ecumenical_altar_hidden_monk_grotto
D:3:      layout_rooms, mainiacjoe_overflow_catwalk, brannock_xom_greatest_gift,
          serial_shops, shop, uniq_jessica, uniq_natasha,
          uniq_crazy_yiuf_cottage, uniq_robin
D:4:      layout_basic, nicolae_ru_path_of_blood, nicolae_ossuary_entry_ruins,
          minmay_fractal_squares_5
D:5:      layout_cave_pods, grunt_gozag_statues, okawaru_metal_pillars_3,
          nicolae_figureground_sparkle
D:6:      layout_loops_cross
D:7:      layout_cave_pools, minmay_temple_entry_butterflies, uniq_menkaure,
          uniq_joseph
D:8:      layout_rooms, mainiacjoe_overflow_brackets, lemuel_round_altar,
          enter_bailey_7, serial_shops, nicolae_shop_stone, uniq_pikel
D:9:      layout_gridville, marbit_many_paths, slow_altar_1,
          chequers_temple_overflow_statue_of_worship
D:10:     layout_loops_ring, mainiacjoe_overflow_alcove_4, nicolae_the_louvre,
          uniq_nergalle, uniq_josephine
D:11:     layout_basic, lair_entry_dummy, serial_shops, nicolae_shop_mannequins,
          portal_ice_cave_demonic_guard, nemelex_diamond_rough_becter
D:12:     layout_basic, erik_orc_1, kennysheep_diamond
D:13:     layout_rooms, hellmonk_vaults_keyhole, serial_shops,
          nicolae_shop_peninsula, uniq_kirke, uniq_snorg, uniq_erolcha,
          uniq_nessos, uniq_frances, uniq_rupert
D:14:     layout_loops_corners, serial_shops, shop, moated_statue,
          minmay_the_grid_square_5x5_3x3_mashed [minmay_the_grid_square_5x5_meh,
          minmay_the_grid_square_5x5_v, minmay_the_grid_square_5x5_two_walls_a,
          minmay_the_grid_square_5x5_shrine2,
          minmay_the_grid_square_5x5_megaprize_diamond,
          minmay_the_grid_square_5x5_comb,
          minmay_the_grid_square_5x5_three_walls,
          minmay_the_grid_square_5x5_pentomino_r,
          minmay_the_grid_square_5x5_lines]
D:15:     hangedman_depths_entry_civil_slaughter, layout_basic,
          ashenzari_conservatory_becter
Lair:1:   layout_regular_city, lemuel_fruit_tree
Lair:2:   layout_gridlike, shoals_dummy_entry, infiniplex_staircase_pool_2,
          serial_bayou_shore_a
Lair:3:   layout_gridlike, nicolae_snake_entry_warm_welcome, wad_woods_road_06
Lair:4:   lemuel_reptile_caves, layout_regular_city
Lair:5:   evilmike_catoblepas_cave, layout_cave_shapes,
          nicolae_slime_entry_field_trip, ebering_ghost_disaster_area,
          lemuel_fruit_fields
Shoals:1: layout_shoals, serial_shops, nicolae_book_shop_shelving,
          nicolae_shoals_pincushion_passage
Shoals:2: layout_shoals, nicolae_shoals_beach_cooler, uniq_polyphemus
Shoals:3: layout_shoals, nicolae_shoals_nautilus_by_nature, uniq_mara
Shoals:4: shoals_end_hangedman, layout_shoals, nicolae_shop_vocational
Snake:1:  layout_concentric_octagons, basic_altar,
          nicolae_snake_gridmaze_squiggle, uniq_asterion, uniq_agnes
Snake:2:  layout_layer_cave, basic_altar, serial_shops, shop, minmay_shop_grove,
          uniq_roxanne, uniq_aizul, uniq_louise
Snake:3:  layout_rooms, minmay_shoptagon, uniq_vashnia
Snake:4:  snake_pit, layout_cave_town, serial_bayou, serial_bayou_pond_a,
          serial_bayou_pond_e, serial_bayou_lake_a, serial_bayou_pond_d
Slime:1:  layout_caves, cheibrodos_slime_lost_civilization_4
Orc:1:    layout_caves
Orc:2:    pubby_orc_utopia
Vaults:1: vaults_room_glass_cross, nicolae_vaults_theta, v_misc_22,
          hangedman_vaults_stretched_pinwheel, hangedman_vaults_capsules,
          vaults_room_semicircle, v_misc_10, nicolae_vaults_trapezoid_2,
          v_misc_9, vaults_room_fancy_cross, grunt_vaults_diagonal, v_misc_13,
          v_misc_1, hangedman_vaults_corner_blocks, nicolae_vaults_apartment_1,
          v_misc_27, layout_vaults_maze_bifur, serial_shops, shop,
          nicolae_shop_gibbet_a_chance, uniq_zenata, uniq_donald
Vaults:2: vaults_mumra_hexcomb, v_misc_30, v_pattern_2, v_misc_12,
          nicolae_vaults_little_squares_1, nicolae_vaults_trapezoid_1,
          layout_vaults_quadrants
Vaults:3: vaults_room_semicircle, nicolae_vaults_loss_of_containment,
          vaults_room_semicircle, nicolae_vaults_border_crossing,
          nicolae_vaults_network_quinsquares
          [nicolae_vaults_network_quincunx_subvault,
          nicolae_vaults_network_quincunx_subvault,
          nicolae_vaults_network_quincunx_subvault,
          nicolae_vaults_network_quincunx_subvault], nicolae_vaults_two_Ls,
          vaults_dpeg_emergency_exit, minmay_crypt_entry_necro_gods,
          ontoclasm_vaults_fault, grunt_vaults_swirl,
          hangedman_vaults_variations, nicolae_vaults_diagonal_hallway_9,
          v_misc_25, layout_vaults_omnicross, serial_shops, nicolae_square_shop
Vaults:4: nicolae_vaults_offset_grid_hallway_4, nicolae_vaults_tetromino_Z_2,
          nicolae_vaults_offset_grid_hallway_4,
          nicolae_vaults_storage_room_doors, v_pattern_4,
          nicolae_vaults_tetromino_L_1, layout_vaults_chaotic_city,
          serial_shops, nicolae_shop_behind_doors
Crypt:1:  layout_misc_corridors, st_stairs_9
Crypt:2:  layout_misc_corridors, lemuel_elevator, uniq_khufu
Crypt:3:  evilmike_haunted_forest

Skill      XL: |  1  2  3  4  5  6  7  8  9 10 11 12 13 14 15 16 17 18 19 20 21 22 23 |
---------------+----------------------------------------------------------------------+-----
Spellcasting   | 3 4 5 6 7 9 10 11 12 14 15 16 17 18 19 20 21 | 21.5
Conjurations   | 3 4 5 6 7 9 10 11 12 14 15 16 17 18 19 20 21 | 21.5
Hexes          | 3 4 5 6 7 9 10 11 12 14 15 16 17 18 19 20 21 | 21.5
Summonings     | 3 4 5 6 7 9 10 11 12 14 15 16 17 18 19 20 21 | 21.5
Necromancy     | 3 4 5 6 7 9 10 11 12 14 15 16 17 18 19 20 21 | 21.5
Translocations | 3 4 5 6 7 9 10 11 12 14 15 16 17 18 19 20 21 | 21.5
Fire Magic     | 3 4 5 6 7 9 10 11 12 14 15 16 17 18 19 20 21 | 21.5
Ice Magic      | 3 4 5 6 7 9 10 11 13 15 17 19 21 22 23 25 26 27 | 27.0
Air Magic      | 3 4 5 6 7 9 10 11 12 14 15 16 17 18 19 20 21 | 21.5
Earth Magic    | 3 4 5 6 7 9 10 11 12 14 15 16 17 18 19 20 21 | 21.5
Alchemy        | 3 4 5 6 7 9 10 11 12 14 15 16 17 18 19 20 21 | 21.5
Fighting       | 3 4 5 6 7 9 11 13 14 16 18 19 20 22 23 24 25 26 | 26.3
Dodging        | 6 8 11 | 11.5
Shields        | 4 8 |  8.5
Long Blades    | |  1.7
Throwing       | |  0.7
Armour         | |  1.0

Action                     |  1- 3 |  4- 6 |  7- 9 | 10-12 | 13-15 | 16-18 | 19-21 | 22-24 || total
---------------------------+-------+-------+-------+-------+-------+-------+-------+-------++-------
  Melee: Falchion          |    52 |     1 |       |       |       |       |       |       ||    53
         Punch             |     1 |       |       |       |     2 |       |       |     1 ||     4
         Dagger            |       |    31 |    34 |    23 |    12 |       |       |       ||   100
         Morningstar       |       |       |       |     3 |    20 |    23 |     7 |       ||    53
         Broad axe         |       |       |       |       |       |       |       |     2 ||     2
   Cast: Magic Dart        |    52 |   129 |    93 |    46 |       |       |       |       ||   320
         Blink             |       |     3 |     1 |     7 |     1 |     1 |       |     1 ||    14
         Inner Flame       |       |       |    39 |    52 |    36 |       |       |       ||   127
         Manifold Assault  |       |       |     2 |       |       |       |       |       ||     2
         Airstrike         |       |       |    31 |   244 |   483 |   456 |       |       ||  1214
         Olgreb's Toxic Ra |       |       |       |    15 |    43 |   120 |     6 |     2 ||   186
         Summon Mana Viper |       |       |       |       |    46 |    60 |     3 |     2 ||   111
         Summon Cactus Gia |       |       |       |       |    17 |    60 |     3 |     2 ||    82
         Death Channel     |       |       |       |       |       |     1 |       |       ||     1
         Plasma Beam       |       |       |       |       |       |       |   590 |   518 ||  1108
         Maxwell's Capacit |       |       |       |       |       |       |       |     1 ||     1
  Evoke: Wand              |       |       |       |     3 |     1 |       |       |     2 ||     6
    Use: Potion            |       |     1 |       |     1 |       |     4 |     4 |     3 ||    13
         Scroll            |       |     7 |     9 |     7 |     9 |     5 |    12 |     9 ||    58
 Armour: Leather armour    |    50 |   100 |    33 |    32 |       |       |       |       ||   215
         Robe              |       |       |       |     8 |       |       |       |       ||     8
         Scale mail        |       |       |       |   110 |   233 |   350 |   273 |   136 ||  1102
  Dodge: Dodged            |    53 |    80 |    22 |    75 |   114 |   146 |    83 |    58 ||   631

Table legend: (Time is in decaauts)
 A = Elapsed time spent in this place.
 B = Non-inter-level travel time spent in this place.
 C = Inter-level travel time spent in this place.
 D = Time resting spent in this place.
 E = Time spent auto-exploring this place.
 F = Levels seen in this place.
 G = Mean time per level.
                   A        B        C        D        E       F      G
               +--------+--------+--------+--------+--------+-----+--------+
         Total |  54198 |  50743 |   3455 |  10054 |  32260 |  41 | 1321.9 |
       Dungeon |  18163 |  16398 |   1765 |   1878 |  11792 |  15 | 1210.9 |
          Lair |   7324 |   6870 |    454 |   1739 |   4174 |   5 | 1464.8 |
        Shoals |   4682 |   4473 |    209 |   1070 |   2661 |   4 | 1170.5 |
     Snake Pit |   8656 |   8476 |    180 |   3241 |   4031 |   4 | 2164.0 |
    Slime Pits |     11 |     11 |      0 |      0 |      0 |   1 |   11.0 |
  Orcish Mines |   2697 |   2490 |    207 |     43 |   1886 |   2 | 1348.5 |
        Vaults |   4931 |   4513 |    418 |    134 |   3795 |   4 | 1232.8 |
         Crypt |   4118 |   3899 |    219 |    599 |   2534 |   3 | 1372.7 |
       Ossuary |    766 |    766 |      0 |    255 |    300 |   1 |  766.0 |
        Bailey |   1220 |   1220 |      0 |    698 |    372 |   1 | 1220.0 |
      Ice Cave |   1625 |   1625 |      0 |    397 |    715 |   1 | 1625.0 |
               +--------+--------+--------+--------+--------+-----+--------+

Top non-repeatable levels by time:
 Snake:4: 2948 daAuts
     D:2: 2668 daAuts
 Snake:3: 2642 daAuts
  Lair:2: 2602 daAuts
   Orc:2: 2150 daAuts
    D:12: 1844 daAuts
 Snake:2: 1798 daAuts
 Crypt:3: 1790 daAuts
   IceCv: 1625 daAuts
Vaults:3: 1551 daAuts
  Lair:5: 1540 daAuts
Shoals:2: 1525 daAuts
     D:9: 1515 daAuts
Vaults:2: 1331 daAuts
 Snake:1: 1268 daAuts
